AoeStats
← Barón de la Cerveza

Enclosed

504864950Analyzed
1v1 RM · 27d ago on Sep 6, 2026· 85m 9s· 2 players
Game mode
Random Map
Map size
Tiny (2 player)
Population
200
Speed
Normal
Resources
Standard
Victory
Conquest
Starting age
Dark Age
Ending age
Imperial Age
RankedLock teamsTeams togetherTeam positionsShared explorationLock speedFull tech treeHidden civsTurbo modeCheats
Victory
Defeat
🇲🇽 Koreans · Mexico
1876
+13
🇮🇹 Bulgarians · Italy
1808
-13
Mattroid 99
8:58 Feudal Age
9:30 Arson
10:33 Loom
12:43 Fletching
13:53 Padded Archer Armor
15:28 Double-Bit Axe
16:00 Scale Mail Armor
17:54 Horse Collar
19:03 Forging
22:45 Castle Age
21:29 Scale Barding Armor
22:22 Gold Mining
23:47 Wheelbarrow
23:24 Bloodlines
23:50 Chain Mail Armor
23:21 Gambesons
24:03 Squires
25:14 Chain Barding Armor
25:59 Husbandry
28:53 Bow Saw
30:25 Town Watch
38:26 Imperial Age
36:30 Heavy Plow
36:55 Stone Mining
38:08 Iron Casting
39:49 Plate Barding Armor
39:16 Bodkin Arrow
38:44 Cavalier
41:09 Blast Furnace
41:43 Bracer
41:55 Stirrups
43:57 Conscription
43:55 Leather Archer Armor
44:11 Plate Mail Armor
43:48 Thumb Ring
43:09 Elite Skirmisher
45:19 Hand Cart
46:10 Ballistics
46:51 Chemistry
46:51 Devotion
49:31 Plate Mail Armor
50:16 Bagains
51:43 Light Cavalry
55:15 Town Patrol
55:10 Hussar
57:14 Siege Engineers
58:13 Masonry
64:18 Capped Ram
65:54 Murder Holes
67:37 Architecture
67:17 Siege Ram
Barón de la Cerveza
6:30 Loom
8:58 Feudal Age
9:32 Double-Bit Axe
14:43 Fletching
22:54 Castle Age
21:36 Horse Collar
22:42 Gold Mining
22:57 Elite Skirmisher
23:34 Bodkin Arrow
29:49 Scale Mail Armor
31:32 Husbandry
32:11 Heavy Plow
36:05 Ballistics
42:21 Imperial Age
41:07 Squires
41:23 Chain Mail Armor
43:07 Wheelbarrow
43:04 Bracer
43:35 Plate Mail Armor
45:27 Chemistry
44:39 Masonry
45:51 Conscription
44:52 Elite War Wagon
45:45 Elite Fire Lancer
47:08 Forging
49:58 Siege Engineers
50:24 Architecture
54:05 Heavy Rocket Cart
56:02 Shinkichon
55:43 Heavy Rocket Cart
59:42 Pikeman
61:39 Eupseong
64:13 Iron Casting
67:35 Wheelbarrow
71:51 Halberdier
78:57 Gold Shaft Mining
78:12 Stone Mining
Connection lost

Rejoining the realm…

Still unreachable

The connection could not be restored.

Session expired

The server has moved on; the page needs a fresh start.